 Dungeon Crawl Stone Soup version 0.32-a0-913-g739538afd8 (webtiles) character file.

Game seed: 17090738989467282155

111 Fractals the Grasshopper (level 4, -2/34 HPs)
             Began as a Human Wanderer on Apr 7, 2024.
             Slain by a hobgoblin (4 damage)
             ... on level 3 of the Dungeon.
             The game lasted 00:07:58 (3178 turns).

Fractals the Grasshopper (Human Wanderer)           Turns: 3178, Time: 00:07:58

Health: -2/34      AC:  5    Str: 15    XL:     4   Next: 92%
Magic:  7/7        EV:  0    Int: 13    God:
Gold:   65         SH:  0    Dex: 11    Spells: 6/7 levels left

rFire   . . .        g - +0 short sword
rCold   . . .        (no shield)
rNeg    . . .        a - +0 ring mail
rPois   .            (no helmet)
rElec   .            (no cloak)
rCorr   .            (no gloves)
SInv    .            (no boots)
Will    .....        (no amulet) Stlth
                     (no ring)
HPRegen 0.25/turn    (no ring)
MPRegen 0.10/turn

%: no passive effects
@: silenced, constricted
A: explore regen
a: no special abilities


You were on level 3 of the Dungeon.
You visited 1 branch of the dungeon, and saw 3 of its levels.

You collected 65 gold pieces.

Inventory:

Hand Weapons
 g - a +0 short sword (weapon)
Armour
 a - a +0 ring mail (worn)
 d - a +0 robe
Jewellery
 l - a +4 ring of slaying
Scrolls
 i - a scroll of identify


   Skills:
 - Level 2.5 Fighting
 - Level 2.0 Stealth
 - Level 2.0 Unarmed Combat
 + Level 2.4 Spellcasting
 + Level 4.2 Translocations
 - Level 2.0 Evocations


You had 6 spell levels left.
You knew the following spells:

 Your Spells              Type           Power      Damage    Failure   Level
a - Apportation           Tloc           24%        N/A       9%          1

Your spell library contained the following spells:

 Spells                   Type           Power      Damage    Failure   Level
 Foxfire                  Conj/Fire      4%         2x1d4     43%         1
 Passage of Golubria      Tloc           12%        N/A       63%         4
 Dimensional Bullseye     Hex/Tloc       3%         N/A       89%         4
 Iskenderun's Mystic Bla Conj/Tloc 7%             2d4        (+2d1     89%         4
 Animate Armour           Summ/Erth      2%         N/A       99%         4
 Summon Lightning Spire   Summ/Air       1%         N/A       99%         4
 Lee's Rapid Deconstruct  Erth           0%         3d4*      100%        5
 Silence                  Hex/Air        0%         N/A       100%        5
 Plasma Beam              Fire/Air       0%         2x1d10    100%        6
 Starburst                Conj/Fire      0%         6d3       100%        6
 Lehudib's Crystal Spear  Conj/Erth      0%         10d2      100%        8


Dungeon Overview and Level Annotations

Branches:
Dungeon (3/15)

Altars:
The Shining One

Shops:
D:2 [


Innate Abilities, Weirdness & Mutations

You regain HP and MP as you explore.


Message History

The bat barely misses you.
The hobgoblin attacks as it pursues you!
The hobgoblin hits you but does no damage.
The bat barely misses you. The orc hits you but does no damage.
The ball python bites you. The ball python grabs you.
The ball python constricts you.
As you read the scroll labelled TIUDORCHO HEZXI, it crumbles to dust.
You hear a loud clanging noise!
It was a scroll of noise.
You hear an angry hiss. x2
The orc hits you with a +0 club. The bat hits you but does no damage.
The ball python bites you but does no damage.
The ball python constricts you.
The hobgoblin hits you but does no damage.
As you read the scroll labelled POHYKLEORO, it crumbles to dust.
It is a scroll of identify.
You don't currently have any unidentified items.
The bat hits you but does no damage.
The ball python bites you but does no damage.
The ball python constricts you. The orc hits you with a +0 club.
* * * LOW HITPOINT WARNING * * *
The hobgoblin hits you.
* * * LOW HITPOINT WARNING * * *
You aren't carrying any potions.
As you read the scroll of silence, it crumbles to dust.
A profound silence engulfs you.
The ball python bites you but does no damage.
The ball python constricts you. The orc hits you with a +0 club.
* * * LOW HITPOINT WARNING * * *
The hobgoblin hits you but does no damage.
The ball python bites you but does no damage.
You hit the ball python.
The ball python is moderately wounded.
The ball python bites you but does no damage.
The ball python constricts you. The orc hits you with a +0 club.
* * * LOW HITPOINT WARNING * * *
The ball python bites you.
* * * LOW HITPOINT WARNING * * *
The hobgoblin hits you.
You die...

..#.#.#....# #..o......#
....#......####.#.#.#.#.#
.รท..#.........#.........#
..........o##...#.#.#.#.#
...........####.........#
........{o.# #.#.#.#.#.#
...........# #.b.......#
........########So...####
#######.....oo.g@#####
#########S.# ..b....###
######.. #...# .....#
.#.#.. .?...#


You could see 3 orcs, a hobgoblin, a bat and 2 ball pythons.

Vanquished Creatures
  A hound (D:2)
  An orc wizard (D:3)
  An adder (D:3)
  2 dart slugs (D:2)
  An orc (D:3)
  2 ball pythons
  A giant cockroach (D:1)
  8 goblins
  7 hobgoblins
  3 jackals (D:1)
  2 quokkas
  3 bats
  A frilled lizard (D:1)
  3 kobolds
  5 rats
41 creatures vanquished.

Notes
Turn   | Place    | Note
-------+----------+-------------------------------------------
     0 | D:1      | Fractals the Human Wanderer began the quest for the Orb.
     0 | D:1      | Fractals set off with the following items: a +0 club, a
                  | wand of flame (6), a scroll of silence, a +0 robe, a potion
                  | of attraction; and the following spell memorised:
                  | Apportation; and the following spells available to
                  | memorise: Dimensional Bullseye, Iskenderun's Mystic Blast.
     0 | D:1      | Reached XP level 1. HP: 13/13 MP: 2/2
   259 | D:1      | Reached skill level 1 in Fighting
   259 | D:1      | Reached XP level 2. HP: 11/21 MP: 3/3
  1215 | D:2      | Reached XP level 3. HP: 23/27 MP: 4/4
  2164 | D:2      | Found a glowing golden altar of the Shining One.
  2181 | D:2      | Found Jaith's Antique Armour Boutique.
  2302 | D:2      | Reached XP level 4. HP: 27/34 MP: 5/7
  3178 | D:3      | Slain by a hobgoblin

Illustrated notes

Levels and vault maps discovered:
D:1:      shiori_arrival_maze, layout_basic
D:2:      layout_basic, basic_altar, serial_shops, shop
D:3:      layout_basic, mainiacjoe_overflow_catwalk_spiral,
          serial_co_window_serial, co_window_corner_a, co_window_paths_a,
          co_window_paths_a, co_window_corner_a, co_window_paths_a,
          co_window_corner_a, co_window_corner_a, co_window_broadway_a,
          co_window_cross_2, co_window_paths_c, co_window_2corner,
          co_window_corner_b, co_window_corner_cb, glass_columns_c,
          glass_columns_b

Skill      XL: |  1  2  3 |
---------------+----------+-----
Fighting       | 1 2 |  2.5
Stealth        | 2 |  2.0
Spellcasting   | 2 |  2.4
Unarmed Combat | |  2.0
Translocations | |  4.2
Evocations     | |  2.0

Action                     |  1- 3 |  4- 6 || total
---------------------------+-------+-------++-------
  Melee: Club              |    24 |       ||    24
         Short sword       |   128 |    93 ||   221
  Evoke: Wand              |     4 |     2 ||     6
    Use: Scroll            |     1 |     6 ||     7
         Potion            |       |     3 ||     3
   Stab: Sleeping          |     1 |       ||     1
 Armour: Robe              |    26 |       ||    26
         Ring mail         |    94 |   114 ||   208
         Skin              |       |     1 ||     1
  Dodge: Dodged            |    77 |    57 ||   134

Table legend: (Time is in decaauts)
 A = Elapsed time spent in this place.
 B = Non-inter-level travel time spent in this place.
 C = Inter-level travel time spent in this place.
 D = Time resting spent in this place.
 E = Time spent auto-exploring this place.
 F = Levels seen in this place.
 G = Mean time per level.
                   A        B        C        D        E       F      G
               +--------+--------+--------+--------+--------+-----+--------+
         Total |   3185 |   3071 |    114 |    783 |   1497 |   3 | 1061.7 |
       Dungeon |   3185 |   3071 |    114 |    783 |   1497 |   3 | 1061.7 |
               +--------+--------+--------+--------+--------+-----+--------+

Top non-repeatable levels by time:
     D:2: 1442 daAuts
     D:1: 1105 daAuts
     D:3: 637 daAuts
